 Dungeon Crawl Stone Soup version 0.30-a0-760-g5a9884bb7c (webtiles) character file.

Game seed: 3136929819880137615

3 kae the Digger (level 1, 0/10 HPs)
             Began as a Gargoyle Earth Elementalist on Feb 10, 2023.
             Frozen to death by an endoplasm (1 damage)
             ... on level 1 of the Dungeon.
             The game lasted 00:00:17 (104 turns).

kae the Digger (Gargoyle Earth Elementalist)         Turns: 104, Time: 00:00:17

Health: 0/10       AC:  4    Str: 11    XL:     1   Next: 50%
Magic:  0/3        EV: 11    Int: 15    God:
Gold:   7          SH:  0    Dex: 10    Spells: 3/4 levels left

rFire   . . .      SeeInvis .    e - +0 short sword
rCold   . . .      Faith    .    (no shield)
rNeg    + . .      Spirit   .    a - +0 robe
rPois   ∞          Reflect  .    (no helmet)
rElec   +          Harm     .    (no cloak)
rCorr   .          Rampage  .    (no gloves)
Will    .....                    (no boots)
Stlth   ++                       (no amulet)
HPRegen 0.21/turn                (no ring)
MPRegen 0.08/turn                (no ring)

@: no status effects
A: sickness immunity, AC +2, negative energy resistance 1, electricity
resistance, torment resistance 1, petrification resistance
a: no special abilities


You were on level 1 of the Dungeon.
You visited 1 branch of the dungeon, and saw 1 of its levels.

You collected 7 gold pieces.


Innate Abilities, Weirdness & Mutations

You are immune to sickness and miasma.
Your stone body is resilient. (AC +2)
You are immune to poison.
You resist negative energy. (rN+)
You are resistant to electric shocks. (rElec)
You are resistant to unholy torment.
You are immune to petrification.


   Skills:
 - Level 1.5 Dodging
 - Level 2.1 Stealth
 + Level 2.1 Spellcasting
 - Level 0.7 Transmutations
 * Level 3.8 Earth Magic


You had 3 spell levels left.
You knew the following spells:

 Your Spells              Type           Power      Damage    Failure   Level
a - Sandblast             Erth           26%        2d8       4%          1

Your spell library contained the following spells:

 Spells                   Type           Power      Damage    Failure   Level
 Passwall                 Tmut/Erth      6%         N/A       13%         2
 Stone Arrow              Conj/Erth      14%        3d7       30%         3
 Petrify                  Tmut/Erth      8%         N/A       65%         4

Inventory:

Hand Weapons
 e - a +0 short sword (weapon)
   (You took it off a kobold on level 1 of the Dungeon)
Armour
 a - a +0 robe (worn)
 d - a +1 cloak
   (You found it on level 1 of the Dungeon)
Scrolls
 c - a scroll of immolation {unknown}
Potions
 b - a potion of magic

Dungeon Overview and Level Annotations

Branches:
Dungeon (1/15) Zot: 5892

Altars:

Shops:
D:1

(
#.####.♣.#..#.....'..#.♣
#......#♣...#...<.#...♣#
#..###..##..#.....#..♣#
#......#♣#..#######..♣
######.##..# #... ...#
##..........##♣... ...#
........##.#.# ##♣#
.#.###..##.#># ##.
##..##.#@#
#...#...##.#J#
....^......#.#
.....#...#.#.#
####..#.#....#
###...∩.....##
?.....#.#.....#
.....#...#.>..#
#..#..........####


You could see an endoplasm.


Message History

A rat comes into view.
A rat is nearby!
A rat is nearby!
A rat is nearby!
Casting: Sandblast (safe; 4% risk of failure)
Confirm with . or Enter, or press ? or * to list all spells.
You can't see any susceptible monsters within range! (Use Z to cast anyway.)
Casting: Sandblast (safe; 4% risk of failure)
Confirm with . or Enter, or press ? or * to list all spells.
Aiming: Sandblast (safe; 4% risk of failure)
Press: ? - help, Shift-Dir - straight line, f - rat
Aim: a rat (82% to hit)
The blast of sand misses the rat. 😎 MP[-1]
You lost 1 mp, and now have 2/3 mp.
The rat bites you. 😕 HP[-2]
You take 2 damage, and now have 8/10 hp.
Casting: Sandblast (safe; 4% risk of failure)
Confirm with . or Enter, or press ? or * to list all spells.
Aiming: Sandblast (safe; 4% risk of failure)
Press: ? - help, Shift-Dir - straight line, f/p - rat
Aim: a rat (82% to hit)
The blast of sand hits the rat!
You kill the rat! 😕 MP[-1]
You lost 1 mp, and now have 1/3 mp.
A kobold comes into view. It is wielding a +0 short sword.
Unknown command.
A ball python comes into view. 😕 HP[+1]
The ball python hisses angrily.
An endoplasm comes into view.
You see here a +1 cloak.
d - a +1 cloak 😎 HP[+1]
Your hp is fully restored (10). 😎 MP[+1]
The kobold shouts!
Casting: Sandblast (safe; 4% risk of failure)
Confirm with . or Enter, or press ? or * to list all spells.
Aiming: Sandblast (safe; 4% risk of failure)
Press: ? - help, Shift-Dir - straight line, f - ball python
Aim: a ball python (80% to hit)
The blast of sand hits the ball python.
You kill the ball python!
The endoplasm jiggles. 😎 MP[-1]
You lost 1 mp, and now have 1/3 mp.
The endoplasm jiggles.
Casting: Sandblast (safe; 4% risk of failure)
Confirm with . or Enter, or press ? or * to list all spells.
Aiming: Sandblast (safe; 4% risk of failure)
Press: ? - help, Shift-Dir - straight line, f - kobold
Aim: a kobold, wielding a +0 short sword (77% to hit)
The blast of sand misses the kobold. 😎 MP[-1]
You lost 1 mp, and now have 0/3 mp.
Casting: Sandblast (safe; 4% risk of failure)
Confirm with . or Enter, or press ? or * to list all spells.
You don't have enough magic to cast this spell. 😎 MP[+1]
There is a stone staircase leading down here.
Casting: Sandblast (safe; 4% risk of failure)
Confirm with . or Enter, or press ? or * to list all spells.
Aiming: Sandblast (safe; 4% risk of failure)
Press: ? - help, Shift-Dir - straight line, f/p - kobold
Aim: a kobold, wielding a +0 short sword (77% to hit)
The blast of sand hits the kobold!
You kill the kobold! 😎 MP[-1]
You lost 1 mp, and now have 0/3 mp.
Unknown command.
The endoplasm hits you but does no damage.
You see here a +0 short sword.
You hit the endoplasm but do no damage. The endoplasm freezes you.
You are frozen.
Ouch! That really hurt!
* * * LOW HITPOINT WARNING * * *
😨 HP[-5]
You take 5 damage, and now have 5/10 hp.
MASSIVE DAMAGE!! (PAUSE)
e - a +0 short sword The endoplasm barely misses you. 😮 HP[+1]
e - a +0 short sword (weapon)
The endoplasm hits you but does no damage.
You barely miss the endoplasm. The endoplasm freezes you.
You are frozen.
Ouch! That really hurt!
* * * LOW HITPOINT WARNING * * *
😱 HP[-5]
You take 5 damage, and now have 1/10 hp.
MASSIVE DAMAGE!! (PAUSE)
You hit the endoplasm. The endoplasm freezes you.
You are frozen.
You die...

Action                     || total
---------------------------++-------
  Melee: Short sword       ||     2
         Unarmed           ||     1
   Cast: Sandblast         ||     7
 Armour: Robe              ||     2
  Dodge: Dodged            ||     2

Levels and vault maps discovered:
D:1:      saegor_arrival_under_anarchy, layout_loops_ring, serial_shops,
          nicolae_shop_advertising_works [nicolae_subvault_shop_adworks],
          dreamdust_mushroom_princess, nrook_uturn

Notes
Turn   | Place    | Note
-------+----------+-------------------------------------------
     0 | D:1      | kae the Gargoyle Earth Elementalist began the quest for the
                  | Orb.
     0 | D:1      | Reached XP level 1. HP: 10/10 MP: 3/3
     0 | D:1      | magus.rc [v1.11.3]
    61 | D:1      | Found Kuruabri's Antique Weapon Shop.
   103 | D:1      | HP: 1/10 [frozen (5)]
   104 | D:1      | Frozen to death by an endoplasm

Vanquished Creatures
  A ball python (D:1)
  A bat (D:1)
  A kobold (D:1)
  A rat (D:1)
4 creatures vanquished.

Table legend:
 A = Non-vault XP
 B = Vault XP
 C = Vault XP percentage of total XP
 D = Non-vault monster count
 E = Vault monster count
 F = Vault count percentage of total count
                 A         B        C        D         E       F
            +---------+---------+-------+---------+---------+-------
      Total |       5 |       0 |   0.0 |       4 |       0 |   0.0
            +---------+---------+-------+---------+---------+-------
        D:1 |       5 |       0 |   0.0 |       4 |       0 |   0.0
            +---------+---------+-------+---------+---------+-------

Illustrated notes

Table legend:
 A = Kills in this place as a percentage of kills in entire the game.
 B = Kills by you in this place as a percentage of kills by you in the entire game.
 C = Kills by friends in this place as a percentage of kills by friends in the entire game.
 D = Other kills in this place as a percentage of other kills in the entire game.
 E = Experience gained in this place as a percentage of experience gained in the entire game.
 F = Experience gained in this place divided by the number of levels of this place that you have seen.
                   A       B       C       D       E      F
               +-------+-------+-------+-------+-------+----------------------
         Total | 100.0 | 100.0 |   N/A |   N/A | 100.0 |   5.0
       Dungeon | 100.0 | 100.0 |   N/A |   N/A | 100.0 |   5.0
               +-------+-------+-------+-------+-------+----------------------

Table legend: (Time is in decaauts)
 A = Elapsed time spent in this place.
 B = Non-inter-level travel time spent in this place.
 C = Inter-level travel time spent in this place.
 D = Time resting spent in this place.
 E = Time spent auto-exploring this place.
 F = Levels seen in this place.
 G = Mean time per level.
                   A        B        C        D        E       F      G
               +--------+--------+--------+--------+--------+-----+--------+
         Total |    107 |    107 |      0 |      0 |     59 |   1 |  107.0 |
       Dungeon |    107 |    107 |      0 |      0 |     59 |   1 |  107.0 |
               +--------+--------+--------+--------+--------+-----+--------+

Top non-repeatable levels by time:
     D:1: 107 daAuts
